[Event "Late-Titled-Tuesday-Blitz-March-19-2024"]
[Site "Chess.com"]
[Date "2024.03.19"]
[Round "5"]
[White "krzyzan94"]
[Black "nabukatnezarr"]
[Result "1-0"]
[WhiteElo "2793"]
[BlackElo "2586"]
[TimeControl "180+1"]
[EndTime "14:54:13 PDT"]
[Termination "krzyzan94 won by resignation"]

1. e4 e5 2. Nf3 Nc6 3. Bc4 Nf6 4.
d3 Bc5 5. Nc3 h6 6. O-O a6 7.
Be3 d6 8. a3 Bg4 9. h3 Bh5 10. b4 Bd4 11. Bxd4 Nxd4 12. g4 Bg6 13. Nxd4 exd4 14. Ne2 O-O 15. Nxd4 d5 16. exd5 Nxd5 17.
Ne2 Qd6 18. Qd2 Rae8 19. Bxd5 Qxd5 20. f4 f5 21. c4 Qd7 22. g5 Rd8 23. d4 Qc6 24.
Rac1 Rfe8 25. d5 Qb6+ 26. c5 Qb5 27. Rf2 hxg5 28. fxg5 f4 29. Nxf4 Be4 30. d6 cxd6 31.
cxd6 Qb6 32. Rd1 Rd7 33. Qd4 Qc6 34. Re2 Rf7 35. d7 Rd8 36. Qxe4 Qb6+ 37. Kg2 Rfxd7 38. Rxd7 Rxd7 39. Qe8+ 1-0

[Event "Late-Titled-Tuesday-Blitz-March-19-2024"]
[Site "Chess.com"]
[Date "2024.03.19"]
[Round "5"]
[White "Narek_Ghimoyan"]
[Black "DrKerfuffle"]
[Result "0-1"]
[WhiteElo "2456"]
[BlackElo "2839"]
[TimeControl "180+1"]
[EndTime "14:54:13 PDT"]
[Termination "DrKerfuffle won by resignation"]

1. d4 Nf6 2. c4 e5 3. dxe5 Ng4 4. Nf3 Bc5 5. e3 Nc6 6. a3 a5 7. b3 Ngxe5 8. Bb2 Qe7 9. Nc3 Nxf3+ 10. Qxf3 Ne5 11.
Qd1 c6 12. Be2 O-O 13. O-O Re8 14. Ne4 Ba7 15. Qd6 Bb8 16. Qxe7 Rxe7 17. f3 Ng6 18. Rfd1 f5 19. Nd6 Bxd6 20. Rxd6 Rxe3 21. Bd3 Nf4 22. Bc2 Re2 23. Rc1 Rxg2+ 24. Kf1 Rxh2 25. Kg1 Rh5 26.
Kf2 Kf7 27. Be5 Ne6 28. Rg1 g6 29. Rg2 b5 30. c5 f4 31. b4 Rxe5 32. Rh2 h5 33. Rg2 g5 34. Rh2 h4 35. Rg2 axb4 0-1

[Event "Late-Titled-Tuesday-Blitz-March-19-2024"]
[Site "Chess.com"]
[Date "2024.03.19"]
[Round "5"]
[White "SocoLoco"]
[Black "Oligan22"]
[Result "0-1"]
[WhiteElo "2161"]
[BlackElo "2434"]
[TimeControl "180+1"]
[EndTime "14:54:13 PDT"]
[Termination "Oligan22 won on time"]

1. e4 c5 2. Nf3 e6 3. d3 Nc6 4. Nbd2 g5 5. g3 Bg7 6. Bg2 d6 7. c3 h6 8. a4 Nge7 9. Qc2 Ng6 10. h4 g4 11. Ng1 h5 12. Ne2 Bd7 13. Nc4 Qe7 14. Nf4 Nce5 15. Nxe5 Nxe5 16. Qe2 Nc6 17. Be3 Na5 18. d4 O-O-O 19. b4 cxb4 20. cxb4 Nc6 21. Qc4 Kb8 22. a5 Rc8 23. Rd1 Nxd4 24. Qd3 Nc2+ 25. Kf1 Nxb4 26. Qe2 Rc2 0-1

[Event "Late-Titled-Tuesday-Blitz-March-19-2024"]
[Site "Chess.com"]
[Date "2024.03.19"]
[Round "5"]
[White "Bilan_Danila"]
[Black "Inepton_Fermion"]
[Result "1-0"]
[WhiteElo "2633"]
[BlackElo "2469"]
[TimeControl "180+1"]
[EndTime "14:54:14 PDT"]
[Termination "Bilan_Danila won by resignation"]

1. d4 g6 2. Nf3 Bg7 3. e4 c5 4. c3 d5 5. e5 Bg4 6. Nbd2 Nc6 7. h3 Bxf3 8. Nxf3 f6 9. exf6 Nxf6 10. Be2 O-O 11. O-O Qb6 12. dxc5 Qxc5 13. Be3 Qd6 14.
Qb3 e5 15. Rad1 b6 16. c4 Na5 17. Qb5 a6 18. Qxb6 Qxb6 19. Bxb6 Nxc4 20. Bxc4 dxc4 21. Nxe5 Rab8 22. Bd4 Rfc8 23. Rfe1 Nd5 24. Nd7 Rb7 25. Bxg7 Rxd7 26. Be5 Nb6 27. Rxd7 Nxd7 28. Bd4 Nf8 29. Re7 Rd8 30. Rg7+ Kh8 31. Rd7+ Kg8 32. Rxd8 1-0

[Event "Late-Titled-Tuesday-Blitz-March-19-2024"]
[Site "Chess.com"]
[Date "2024.03.19"]
[Round "5"]
[White "dolynachess"]
[Black "chessamical"]
[Result "1-0"]
[WhiteElo "2511"]
[BlackElo "2279"]
[TimeControl "180+1"]
[EndTime "14:54:14 PDT"]
[Termination "dolynachess won on time"]

1. d4 Nf6 2. c4 e6 3. g3 c5 4. Bg2 cxd4 5. Nf3 d5 6. O-O Bc5 7. cxd5 Qxd5 8. Nbd2 d3 9. Nb3 Bb6 10. exd3 O-O 11. d4 Nc6 12. Ne5 Ne4 13. Nxc6 bxc6 14. Nc5 Bxc5 15. dxc5 Qxd1 16. Rxd1 Nxc5 17. Be3 Na6 18. Bxc6 Rb8 19. b3 Nb4 20. Be4 a5 21.
Rd2 Ba6 22. Rc1 Rfc8 23. Rc5 Rxc5 24. Bxc5 Rc8 25. a3 Nc6 26. Bxc6 1-0

[Event "Late-Titled-Tuesday-Blitz-March-19-2024"]
[Site "Chess.com"]
[Date "2024.03.19"]
[Round "5"]
[White "Statham_01"]
[Black "ZachHKL"]
[Result "1-0"]
[WhiteElo "2574"]
[BlackElo "2211"]
[TimeControl "180+1"]
[EndTime "14:54:15 PDT"]
[Termination "Statham_01 won by checkmate"]

1. Nc3 d5 2. d4 Nf6 3. Bf4 e6 4.
e3 Bb4 5. Bd3 O-O 6. Nf3 c5 7. a3 Bxc3+ 8. bxc3 c4 9. Be2 Qa5 10.
O-O Ne4 11. Nd2 Nxc3 12. Qe1 Nxe2+ 13. Qxe2 Rd8 14. Rad1 Bd7 15. Nf3 c3 16. Ne5 Bb5 17. Qh5 g6 18. Qh6 Nd7 19. Nxf7 Bxf1 20. Ng5 Nf8 21.
Nxh7 Nxh7 22. Qxg6+ Kf8 23. Qxh7 Qb5 24. Bh6+ Ke8 25.
Bg5 Kf8 26. Bf6 Rd7 27. Qh8+ Kf7 28. Qg7+ Ke8 29. Qg8# 1-0

[Event "Late-Titled-Tuesday-Blitz-March-19-2024"]
[Site "Chess.com"]
[Date "2024.03.19"]
[Round "5"]
[White "Jamal-Jamal-Jamal"]
[Black "cthake"]
[Result "1-0"]
[WhiteElo "2254"]
[BlackElo "1819"]
[TimeControl "180+1"]
[EndTime "14:54:15 PDT"]
[Termination "Jamal-Jamal-Jamal won by checkmate"]

1. e4 e6 2. d4 d5 3. Nd2 Nf6 4. e5 Nfd7 5. Bd3 c5 6. c3 Nc6 7.
Ne2 cxd4 8. cxd4 f6 9. Nf4 Nxd4 10. Qh5+ Ke7 11. exf6+ gxf6 12. Ng6+ hxg6 13. Qxh8 Ne5 14. Qh7+ Kd6 15. Bxg6 Be7 16. O-O Bd7 17. Nb3 Ne2+ 18. Kh1 Nxc1 19. Raxc1 Nc4 20. Nd4 Qb6 21. Rxc4 dxc4 22.
Rd1 c3 23. bxc3 Ke5 24. Qxe7 Ba4 25. Nf3+ Kf4 26. Rd4+ Qxd4 27. cxd4 Rc8 28. Qxf6+ Kg4 29. h3# 1-0

[Event "Late-Titled-Tuesday-Blitz-March-19-2024"]
[Site "Chess.com"]
[Date "2024.03.19"]
[Round "5"]
[White "dennisodessa"]
[Black "AndresDelgado77"]
[Result "1-0"]
[WhiteElo "2522"]
[BlackElo "2342"]
[TimeControl "180+1"]
[EndTime "14:54:18 PDT"]
[Termination "dennisodessa won on time"]

1. c4 g6 2. d4 Bg7 3. Nc3 d6 4.
e4 Nf6 5. f3 O-O 6. Be3 c5 7.
dxc5 Qa5 8. cxd6 Rd8 9. Qa4 Qxa4 10. Nxa4 Rxd6 11. Ne2 Nc6 12. Rd1 Rxd1+ 13. Kxd1 Be6 14. Nf4 Rd8+ 15. Kc2 Bc8 16. Be2 Bh6 17. Rd1 Rxd1 18.
Bxd1 e5 19. Nd5 Bxe3 20. Nxe3 Nd4+ 21. Kd2 b6 22. Nc3 Be6 23. Ncd5 Bxd5 24. cxd5 Ne8 25. Nc4 f6 26. Kd3 Kf8 27. f4 b5 28. fxe5 bxc4+ 29. Kxd4 fxe5+ 30. Kxe5 Ke7 31. Be2 Nd6 32. g4 a5 33. a4 g5 34. Kd4 Nf7 35. e5 Nh6 36. h3 Ng8 37. Bxc4 Nh6 38. d6+ Kd7 39. Kd5 Ng8 40. e6+ Kd8 41. Ke5 h6 42. e7+ Nxe7 43. Bg8 1-0

[Event "Late-Titled-Tuesday-Blitz-March-19-2024"]
[Site "Chess.com"]
[Date "2024.03.19"]
[Round "5"]
[White "ventdelest"]
[Black "ritanovikova"]
[Result "1-0"]
[WhiteElo "2054"]
[BlackElo "2205"]
[TimeControl "180+1"]
[EndTime "14:54:18 PDT"]
[Termination "ventdelest won by checkmate"]

1. e4 e5 2. Nf3 Nf6 3. Nxe5 d6 4. Nf3 Nxe4 5. Nc3 Nxc3 6. dxc3 g6 7. Be3 Bg7 8. Qd2 O-O 9. O-O-O Re8 10. Bd3 Nc6 11.
Bh6 Bh8 12. h3 Ne5 13. Ng5 Be6 14. Nxe6 Rxe6 15. Be2 Qf6 16. f4 Nc6 17. Bg4 Ree8 18. Bd7 Re7 19. Bg5 Qg7 20. Bxc6 f6 21. Bd5+ Kf8 22.
Bh4 Rd8 23. Rhe1 c6 24. Bb3 d5 25. Rxe7 Qxe7 26. Re1 Qd6 27. Qe3 b6 28. Bg3 f5 29.
Bh4 Bf6 30. Bxf6 Qxf6 31. Qe6 Qh4 32. g3 Qxg3 33. Qe7+ Kg8 34. Qxd8+ Kg7 35. Re7+ Kh6 36. Qf8+ Kh5 37. Rxh7# 1-0

[Event "Late-Titled-Tuesday-Blitz-March-19-2024"]
[Site "Chess.com"]
[Date "2024.03.19"]
[Round "5"]
[White "ExtremeLearner"]
[Black "picturesquecheck"]
[Result "1-0"]
[WhiteElo "2556"]
[BlackElo "2415"]
[TimeControl "180+1"]
[EndTime "14:54:19 PDT"]
[Termination "ExtremeLearner won by resignation"]

1. Nf3 Nf6 2. d4 g6 3. c4 Bg7 4. g3 d6 5. Bg2 O-O 6. Nc3 Nc6 7.
O-O Bg4 8. h3 Bxf3 9. Bxf3 Nd7 10. e3 e5 11. d5 Ne7 12. Rb1 a5 13. a3 f5 14. e4 f4 15. Bg4 Nc5 16. b4 Na6 17.
Be6+ Kh8 18. Kg2 g5 19. Bg4 Ng6 20. Bd2 Qf6 21. Qf3 Rae8 22. Nb5 Ne7 23. Rh1 Nxb4 24. axb4 axb4 25. Nxc7 Ra8 26. Bxb4 Ra2 27. Ne6 fxg3 28. Kxg3 Ng6 29. Nxf8 Nf4 30. Ne6 h5 31. Bf5 h4+ 32.
Kh2 Bh6 33. Nxf4 1-0

[Event "Late-Titled-Tuesday-Blitz-March-19-2024"]
[Site "Chess.com"]
[Date "2024.03.19"]
[Round "5"]
[White "cristiano78"]
[Black "Bala-Afiada"]
[Result "1/2-1/2"]
[WhiteElo "2248"]
[BlackElo "1867"]
[TimeControl "180+1"]
[EndTime "14:54:20 PDT"]
[Termination "Game drawn by repetition"]

1. d4 Nf6 2. c4 e6 3. Nf3 d5 4.
Nc3 c6 5. Bg5 Be7 6. e3 O-O 7.
Rc1 Nbd7 8. Be2 h6 9. Bh4 Re8 10. O-O dxc4 11. Bxc4 b5 12. Bd3 Bb7 13. Bxf6 Bxf6 14.
Ne4 Be7 15. Qc2 a6 16. Rfd1 Rc8 17. Nc5 Nxc5 18. dxc5 Qa5 19. a3 b4 20. Qc4 bxa3 21.
b4 Qc7 22. Ra1 Red8 23. Rxa3 Bf6 24. g3 Rd7 25. Be2 Rxd1+ 26. Bxd1 Rd8 27. Rd3 Rxd3 28. Qxd3 Qd8 29. Qxd8+ Bxd8 30. Nd4 a5 31. bxa5 Bxa5 32.
Ba4 Bb4 33. Nxc6 Bxc6 34. Bxc6 Bxc5 35. Kg2 Kf8 36. e4 Ke7 37. f4 f6 38. Bb5 e5 39.
Kf3 Kd6 40. h3 g5 41. Be8 exf4 42. gxf4 Bd4 43. e5+ fxe5 44. fxg5 hxg5 45. Ke4 Ke6 46. Bh5 Kf6 47. Bg4 Bb2 48. Bc8 Bd4 49. Bg4 Bb2 50. Bc8 Bd4 51. Bg4 1/2-1/2

[Event "Late-Titled-Tuesday-Blitz-March-19-2024"]
[Site "Chess.com"]
[Date "2024.03.19"]
[Round "5"]
[White "PapaieDudu"]
[Black "Hikaru"]
[Result "0-1"]
[WhiteElo "2472"]
[BlackElo "3249"]
[TimeControl "180+1"]
[EndTime "14:54:24 PDT"]
[Termination "Hikaru won by resignation"]

1. Nf3 g6 2. d4 Bg7 3. c4 d6 4. Nc3 Nd7 5. e3 c5 6. Be2 b6 7. O-O Bb7 8. Re1 Ngf6 9. b3 O-O 10. Bb2 a6 11. Rc1 e6 12. d5 exd5 13. cxd5 Nxd5 14. e4 Nxc3 15. Bxc3 Bxc3 16. Rxc3 Nf6 17. Bd3 d5 18. exd5 Nxd5 19. Rc4 Nb4 20. Re3 Nxa2 21. Qe1 Nb4 22.
Be4 Bxe4 23. Rexe4 b5 24. Rc3 a5 25. h4 a4 26. h5 a3 27. h6 a2 28. Rc1 Qf6 29. Ne5 Nd3 30. Ng4 Qb2 31. Qe2 Qxc1+ 32. Kh2 a1=Q 33.
Qf3 f5 34. Re7 Qh1+ 35. Kg3 f4+ 36. Qxf4 Nxf4 37. Rg7+ Kh8 38. b4 Qc3+ 39. Ne3 Qxb4 40. f3 Qxh6 41. Rxh7+ Qxh7 42. Ng4 Qe1+ 43. Nf2 0-1

[Event "Late-Titled-Tuesday-Blitz-March-19-2024"]
[Site "Chess.com"]
[Date "2024.03.19"]
[Round "5"]
[White "Revan_2002"]
[Black "Heliosis11"]
[Result "0-1"]
[WhiteElo "2558"]
[BlackElo "2269"]
[TimeControl "180+1"]
[EndTime "14:54:25 PDT"]
[Termination "Heliosis11 won on time"]

1. c4 e6 2. Nc3 c5 3. Nf3 Nf6 4. d4 cxd4 5. Nxd4 Bb4 6. g3 Qc7 7. Bg2 Qxc4 8. O-O Nc6 9. Nc2 Be7 10. Ne3 Qa6 11. b3 d5 12. a4 Bd7 13. Nb5 Rc8 14.
Bb2 O-O 15. Rc1 Nb4 16. Nc7 Qa5 17. Be5 Nc6 18. Bxf6 Bxf6 19. Nb5 Be7 20. Nc4 Qd8 21.
Ncd6 Rb8 22. e4 a6 23. exd5 exd5 24. Bxd5 axb5 25. Nxf7 Rxf7 26. Qh5 Be8 27. Rfd1 Qb6 28. axb5 Nb4 29. Bxf7+ Bxf7 30. Qe5 Re8 31. Qc7 Qxb5 32. Re1 Nd3 0-1

[Event "Late-Titled-Tuesday-Blitz-March-19-2024"]
[Site "Chess.com"]
[Date "2024.03.19"]
[Round "5"]
[White "nindjaxx8"]
[Black "IngOscarArdila"]
[Result "1-0"]
[WhiteElo "2660"]
[BlackElo "2388"]
[TimeControl "180+1"]
[EndTime "14:54:25 PDT"]
[Termination "nindjaxx8 won by resignation"]

1. d4 Nf6 2. c4 e6 3. Nc3 Be7 4. Nf3 d5 5. cxd5 exd5 6. Bf4 c6 7. e3 O-O 8. Bd3 Bg4 9. Qc2 Nbd7 10. Ne5 Bh5 11. O-O Re8 12. Bf5 Nf8 13. Rab1 Ne6 14. b4 Nxf4 15. exf4 a6 16. a4 Bg6 17. Bxg6 hxg6 18.
Rfd1 Nh5 19. g3 Nf6 20. b5 axb5 21. axb5 Qc7 22. bxc6 bxc6 23. Nb5 Qc8 24. Qxc6 Qh3 25. Nc7 Rac8 26. Qb7 Rf8 27. Nxd5 Nxd5 28. Qxd5 Bf6 29.
Rbc1 Rcd8 30. Qe4 Rfe8 31. Qg2 Qf5 32. Qb7 Rf8 33. Qb1 Qh3 34. Qe4 g5 35. fxg5 Bxg5 36. Rc7 Bf6 37. Ng4 Bg5 38. Qf5 Bh6 39. Nf6+ gxf6 40.
Qxh3 1-0

[Event "Late-Titled-Tuesday-Blitz-March-19-2024"]
[Site "Chess.com"]
[Date "2024.03.19"]
[Round "5"]
[White "VitaliyBernadskiy"]
[Black "manitodeplomo"]
[Result "1-0"]
[WhiteElo "2886"]
[BlackElo "2660"]
[TimeControl "180+1"]
[EndTime "14:54:26 PDT"]
[Termination "VitaliyBernadskiy won by checkmate"]

1. d4 g6 2. e4 Bg7 3. Be3 c5 4. c3 cxd4 5. cxd4 d5 6. e5 Nc6 7. Nc3 Nh6 8. Nf3 O-O 9. Qd2 Nf5 10. Bf4 f6 11. exf6 Bxf6 12. Ne2 Qb6 13. Rd1 Bd7 14. Ne5 Bxe5 15. dxe5 e6 16. Ng3 Rac8 17. Bd3 Nh4 18.
O-O Nd4 19. Kh1 Ndf5 20. Bg5 Bb5 21. Bxb5 Qxb5 22. Bf6 Qc4 23. b3 Qg4 24. Qd3 Rf7 25. Rc1 Rfc7 26. Rxc7 Rxc7 27. Qb5 Ng7 28. Bd8 Rf7 29.
Bf6 Nhf5 30. Qc5 h5 31. Nxf5 Nxf5 32. Qc8+ Kh7 33. Qh8# 1-0

[Event "Late-Titled-Tuesday-Blitz-March-19-2024"]
[Site "Chess.com"]
[Date "2024.03.19"]
[Round "5"]
[White "AGW2016"]
[Black "ProfessorChess101"]
[Result "0-1"]
[WhiteElo "2543"]
[BlackElo "2794"]
[TimeControl "180+1"]
[EndTime "14:54:27 PDT"]
[Termination "ProfessorChess101 won by resignation"]

1. d4 d5 2. c4 c6 3. Nf3 Nf6 4. e3 e6 5. Qc2 Nbd7 6. b3 Bb4+ 7. Nbd2 O-O 8. a3 Bd6 9. Bb2 b6 10. Bd3 Bb7 11. g4 h6 12. Rg1 Qe7 13. Ne5 c5 14. h4 dxc4 15. Ndxc4 cxd4 16. exd4 Nd5 17. g5 h5 18. Bh7+ Kh8 19. g6 Bxe5 20. Nxe5 Nxe5 21. dxe5 Rac8 22. Qe4 f5 23. Qf3 Qxh4 24. Rh1 Qg4 25. Qxg4 hxg4 26. Kd2 Nf4 27. Rh4 Rfd8+ 28. Ke3 Ng2+ 0-1

[Event "Late-Titled-Tuesday-Blitz-March-19-2024"]
[Site "Chess.com"]
[Date "2024.03.19"]
[Round "5"]
[White "Boundless_Strike"]
[Black "tolimachess"]
[Result "1-0"]
[WhiteElo "2632"]
[BlackElo "2462"]
[TimeControl "180+1"]
[EndTime "14:54:27 PDT"]
[Termination "Boundless_Strike won on time"]

1. d4 c5 2. e4 cxd4 3. c3 dxc3 4.
Nxc3 Nc6 5. Nf3 e6 6. Bc4 a6 7. O-O b5 8. Bb3 Na5 9. Bd5 exd5 10. exd5 d6 11. Re1+ Be7 12. Bg5 Kf8 13. Qc1 Bxg5 14. Nxg5 h6 15. Nge4 Bf5 16. Qf4 Bxe4 17. Nxe4 Nb7 18.
Rac1 Nf6 19. Ng3 g6 20. b4 Kg7 21. Qd4 Rc8 22. Rc6 Qd7 23. Rec1 Rce8 24. Rc7 Qg4 25.
Qxg4 Nxg4 26. Rxb7 Re5 27. h3 Nf6 28. Rcc7 Rf8 29. Ra7 Nxd5 30. Rd7 Nxb4 31. Rxd6 Re1+ 32. Kh2 Ra1 33. f4 Rxa2 34. f5 Re8 35. fxg6 Rf2 36. Nh5+ Kg8 37. g7 1-0

[Event "Late-Titled-Tuesday-Blitz-March-19-2024"]
[Site "Chess.com"]
[Date "2024.03.19"]
[Round "5"]
[White "PNEPaul"]
[Black "Horokoskii"]
[Result "0-1"]
[WhiteElo "1989"]
[BlackElo "2179"]
[TimeControl "180+1"]
[EndTime "14:54:27 PDT"]
[Termination "Horokoskii won on time"]

1. e4 c5 2. Nf3 d6 3. d4 cxd4 4. c3 d3 5. Bxd3 g6 6. Bc4 Bg7 7. Bg5 Nf6 8. e5 Nfd7 9. exd6 f6 10. Bf4 Nc6 11. O-O e5 12. Bg3 Nb6 13. Bb3 Bg4 14.
Qd3 Qd7 15. c4 Bxf3 16. gxf3 Nd4 17. c5 Nc8 18. Nc3 b6 19. Nd5 Nxb3 20. Qxb3 Rb8 21. Nc7+ Kf8 22. Ne6+ Kf7 23. Nd8+ Ke8 24. c6 Qxd6 25.
Qf7+ Kxd8 26. Rad1 Bh6 27. Rxd6+ Nxd6 0-1

[Event "Late-Titled-Tuesday-Blitz-March-19-2024"]
[Site "Chess.com"]
[Date "2024.03.19"]
[Round "5"]
[White "Godzillator"]
[Black "MoldyTofu"]
[Result "1-0"]
[WhiteElo "2402"]
[BlackElo "2082"]
[TimeControl "180+1"]
[EndTime "14:54:31 PDT"]
[Termination "Godzillator won by resignation"]

1. Nf3 Nf6 2. e3 g6 3. b3 Bg7 4.
Bb2 O-O 5. Be2 d6 6. O-O e5 7. d4 exd4 8. Bxd4 Nc6 9. Bb2 Be6 10.
c4 Re8 11. Nc3 Qd7 12. a3 Bf5 13. Qc1 Ne4 14. Nxe4 Bxb2 15. Qxb2 Bxe4 16. Rfd1 Qe7 17. b4 Ne5 18. Nxe5 Qxe5 19. Qxe5 Rxe5 20. Rd4 Rae8 21.
Rad1 Bc2 22. R1d2 Bf5 23. Bf3 b6 24. h3 Kg7 25. Rd1 Bc2 26. Rc1 Bf5 27. g4 Bc8 28.
Bc6 R8e7 29. Kg2 Bd7 30. Bxd7 Rxd7 31. c5 bxc5 32. bxc5 d5 33. Rb1 c6 34. Rb3 Ree7 35. Rdb4 Kf8 36. Kf3 Ke8 37. Rb8+ Rd8 38. Rxd8+ Kxd8 39. Rb8+ Kc7 40. Rh8 f5 41. gxf5 gxf5 42. Rf8 Kb7 43.
Rxf5 Ka6 44. a4 Ka5 45. Rf6 Rc7 46. e4 dxe4+ 47. Kxe4 Kxa4 48. Ke5 Kb5 49. Kd6 Rg7 50. f4 a5 51. f5 Rg3 52. Rh6 Rd3+ 53. Ke7 Kxc5 54.
f6 Re3+ 55. Kd8 Rf3 56. Ke8 Re3+ 57. Kf8 a4 58. Rxh7 a3 59. h4 Kb4 60. Ra7 Kb3 61.
f7 a2 62. h5 Kb2 63. h6 a1=Q 64. Rxa1 Kxa1 65. h7 Rh3 66. Kg7 Rg3+ 67. Kf6 Rf3+ 68. Kg6 Rg3+ 69. Kh5 Rh3+ 70. Kg4 Rxh7 71. f8=Q Rb7 72.
Qa8+ 1-0

[Event "Late-Titled-Tuesday-Blitz-March-19-2024"]
[Site "Chess.com"]
[Date "2024.03.19"]
[Round "5"]
[White "TheKnightOfBosnia"]
[Black "chucksterf10"]
[Result "1-0"]
[WhiteElo "2620"]
[BlackElo "2554"]
[TimeControl "180+1"]
[EndTime "14:54:33 PDT"]
[Termination "TheKnightOfBosnia won by resignation"]

1. e4 a6 2. Bc4 b5 3. Bxf7+ Kxf7 4. Qh5+ g6 5. Qd5+ e6 6. Qxa8 Nc6 7. Nf3 Bc5 8. c3 Nf6 9. d4 Bb6 10. e5 Nd5 11.
Bg5 Nce7 12. a4 c6 13. axb5 cxb5 14. Nbd2 Rf8 15. Bh6 Rg8 16. Ng5+ Ke8 17. Nde4 Nf5 18.
Nd6+ Ke7 19. Ngf7 Qc7 20. Bg5+ Kf8 21. Nh6 Nxh6 22. Bxh6+ Ke7 23. Bg5+ Kf8 24. Qxc8+ Qxc8 25. Nxc8 Bc7 26. Rxa6 Kf7 27. Nd6+ Kg7 28. O-O h6 29. Bd2 Rf8 30. Ra7 g5 31. Nxb5 Bb6 32. Rxd7+ Kg6 33. Nd6 g4 34. c4 Nc7 35. c5 Ba5 36. Bxa5 1-0

[Event "Late-Titled-Tuesday-Blitz-March-19-2024"]
[Site "Chess.com"]
[Date "2024.03.19"]
[Round "5"]
[White "SharathRk6"]
[Black "Matrix3x3a"]
[Result "0-1"]
[WhiteElo "2439"]
[BlackElo "2612"]
[TimeControl "180+1"]
[EndTime "14:54:33 PDT"]
[Termination "Matrix3x3a won on time"]

1. e4 c5 2. Nf3 d6 3. d4 cxd4 4.
Nxd4 Nf6 5. Nc3 a6 6. Be3 e5 7. Nb3 Be6 8. f3 h5 9. Be2 Nbd7 10. O-O Rc8 11. Qd2 b5 12. Rad1 Qc7 13. a3 Nb6 14. Bxb6 Qxb6+ 15. Kh1 h4 16. f4 Rxc3 17. Qxc3 Nxe4 18.
Qf3 Ng3+ 19. hxg3 hxg3+ 20. Qh5 Rxh5+ 21. Bxh5 g6 22. Bf3 exf4 23. Rfe1 Bg7 24. Re4 Be5 25.
Nd4 Bd7 26. Ree1 Kf8 27. Nb3 Be6 28. Nd2 Kg7 29. Ne4 Qb8 30. Ng5 Bc4 31. Nh3 Qh8 32. Kg1 Be6 33. Ng5 Qh2+ 34. Kf1 Bc4+ 35. Rd3 Bxd3+ 36. cxd3 f5 37. d4 Kf6 0-1

[Event "Late-Titled-Tuesday-Blitz-March-19-2024"]
[Site "Chess.com"]
[Date "2024.03.19"]
[Round "5"]
[White "Likvidator228"]
[Black "prochn"]
[Result "0-1"]
[WhiteElo "2561"]
[BlackElo "2477"]
[TimeControl "180+1"]
[EndTime "14:54:33 PDT"]
[Termination "prochn won by resignation"]

1. d4 d5 2. c4 c6 3. Nc3 Nf6 4. Nf3 dxc4 5. a4 Bf5 6. e3 e6 7.
Bxc4 Bb4 8. O-O O-O 9. Qe2 Bg6 10.
Bd3 Bh5 11. Bd2 Nbd7 12. e4 e5 13. d5 Nc5 14. Bg5 h6 15. Bxf6 Qxf6 16. dxc6 bxc6 17. Bc4 Bxf3 18. Qxf3 Qxf3 19. gxf3 Rfd8 20. Rfd1 Rd4 21.
Rxd4 exd4 22. Ne2 Rd8 23. b3 d3 24. Rd1 Rd7 25. Nf4 d2 26. Kf1 Nb7 27. Ke2 Na5 28. Nd3 Bc3 29. Nc5 Rd4 30. Bd3 Bb4 31. Na6 Bc3 32. b4 Nb3 33. b5 Nc1+ 0-1

[Event "Late-Titled-Tuesday-Blitz-March-19-2024"]
[Site "Chess.com"]
[Date "2024.03.19"]
[Round "5"]
[White "EcosseKillie"]
[Black "YEIKO2017"]
[Result "1-0"]
[WhiteElo "2324"]
[BlackElo "2480"]
[TimeControl "180+1"]
[EndTime "14:54:36 PDT"]
[Termination "EcosseKillie won by checkmate"]

1. d4 Nf6 2. Bg5 Ne4 3. Bf4 d5 4. e3 c5 5. Bd3 Nf6 6. c3 Nc6 7. Nd2 e6 8. Ngf3 Bd6 9. dxc5 Bxc5 10. O-O O-O 11. h3 Bd6 12. Bxd6 Qxd6 13. e4 dxe4 14. Nxe4 Nxe4 15. Bxe4 Qf4 16. Bxc6 bxc6 17. Qd4 Qc7 18. Rfd1 c5 19. Qe5 Qxe5 20. Nxe5 Bb7 21. Rd7 Rab8 22. Rad1 f6 23. Nc4 Bd5 24. Ne3 Rfd8 25. Rxa7 Be4 26. b3 Rxd1+ 27. Nxd1 c4 28. b4 f5 29. Ne3 Rc8 30.
g3 g5 31. f4 gxf4 32. gxf4 Kh8 33. Kf2 e5 34. fxe5 f4 35. Ng4 Rg8 36. Nf6 Rg2+ 37. Kf1 Bf3 38. Rxh7# 1-0

[Event "Late-Titled-Tuesday-Blitz-March-19-2024"]
[Site "Chess.com"]
[Date "2024.03.19"]
[Round "5"]
[White "NikoTheodorou"]
[Black "Yan_Dyomin2010"]
[Result "1-0"]
[WhiteElo "3100"]
[BlackElo "2735"]
[TimeControl "180+1"]
[EndTime "14:54:37 PDT"]
[Termination "NikoTheodorou won by resignation"]

1. Nf3 Nf6 2. b3 g6 3. Bb2 Bg7 4. g3 O-O 5. Bg2 d5 6. c4 c6 7. O-O Bg4 8. Ne5 Bf5 9. d4 Nbd7 10. Nc3 e6 11. f3 h5 12. h3 g5 13. e4 Bh7 14.
Nxd7 Nxd7 15. f4 gxf4 16. gxf4 dxe4 17. Nxe4 Bg6 18. Qe2 Nf6 19. Ng5 Nh7 20. Nf3 Bf5 21.
Kh2 Kh8 22. Ne5 Qh4 23. Qf2 Qxf2 24. Rxf2 Rad8 25. Bf3 Nf6 26. Rg1 h4 27. Rfg2 Bh6 28. d5 Bxf4+ 29. Kh1 Bxh3 30. Rg7 Bh6 31. Nxf7+ Rxf7 32.
Rxf7 1-0

[Event "Late-Titled-Tuesday-Blitz-March-19-2024"]
[Site "Chess.com"]
[Date "2024.03.19"]
[Round "5"]
[White "bescmelasti"]
[Black "KuzubovYuriy"]
[Result "0-1"]
[WhiteElo "2677"]
[BlackElo "2907"]
[TimeControl "180+1"]
[EndTime "14:54:37 PDT"]
[Termination "KuzubovYuriy won by resignation"]

1. e4 e6 2. d4 d5 3. Nc3 Bb4 4.
e5 Ne7 5. a3 Bxc3+ 6. bxc3 b6 7. Qg4 Ng6 8. h4 h5 9. Qg3 Ba6 10. Bxa6 Nxa6 11. a4 Nb8 12. Ne2 Nc6 13. Bg5 Qd7 14.
Qf3 Nge7 15. Ng3 g6 16. Bf6 Rg8 17. O-O O-O-O 18. a5 Nxa5 19. Rxa5 bxa5 20. Qd3 Kb7 21. Ra1 Rb8 22. Rxa5 Ka8 23. Qa6 Rb7 24. c4 Nc6 25.
Ra4 Rgb8 26. cxd5 Qxd5 27. c4 Qd7 28. c5 Nxd4 29. Qd3 Rb4 30. Rxa7+ Kxa7 0-1

[Event "Late-Titled-Tuesday-Blitz-March-19-2024"]
[Site "Chess.com"]
[Date "2024.03.19"]
[Round "5"]
[White "ExchangeAB"]
[Black "JosephRyan"]
[Result "1-0"]
[WhiteElo "2503"]
[BlackElo "2267"]
[TimeControl "180+1"]
[EndTime "14:54:40 PDT"]
[Termination "ExchangeAB won by resignation"]

1. e4 e5 2. Nf3 Nc6 3. Bc4 Bc5 4. c3 Nf6 5. d3 d6 6. h3 a6 7.
O-O h6 8. a4 Ba7 9. b4 g5 10.
Nh2 Rg8 11. Ng4 Nxg4 12. hxg4 h5 13. gxh5 g4 14. g3 Qf6 15. h6 Rh8 16. Kg2 Bd7 17.
b5 Ne7 18. bxa6 bxa6 19. Na3 Ng6 20. Nc2 Ke7 21. Ne3 Nf4+ 22. gxf4 Bxe3 23. fxe3 exf4 24. exf4 Qxh6 25. Rh1 Qg6 26. f5 Qf6 27. d4 Rxh1 28.
Qxh1 Rh8 29. Qe1 Rh3 30. Bf4 Qh8 31. e5 Rxc3 32. Qxc3 Bc6+ 33. d5 Qh3+ 34. Qxh3 1-0

[Event "Late-Titled-Tuesday-Blitz-March-19-2024"]
[Site "Chess.com"]
[Date "2024.03.19"]
[Round "5"]
[White "LikeWater"]
[Black "DucksParadise"]
[Result "1-0"]
[WhiteElo "2645"]
[BlackElo "2496"]
[TimeControl "180+1"]
[EndTime "14:54:41 PDT"]
[Termination "LikeWater won by resignation"]

1. Nf3 d5 2. g3 c6 3. Bg2 Bg4 4. O-O Nd7 5. d4 e6 6. Nbd2 Ngf6 7.
Re1 Bd6 8. e4 dxe4 9. Nxe4 Nxe4 10.
Rxe4 Nf6 11. Re1 O-O 12. c3 c5 13. Qb3 Rb8 14. Ne5 cxd4 15. Nxg4 Nxg4 16. cxd4 Nf6 17. Bd2 Qb6 18. Qxb6 axb6 19. Rac1 Nd5 20. a3 Rbc8 21.
Kf1 Rfd8 22. Ke2 Kf8 23. Kd3 Be7 24. Bxd5 exd5 25. Bf4 Rc6 26. Rxc6 bxc6 27. Bc7 Rc8 28. Bf4 c5 29. dxc5 bxc5 30. a4 c4+ 31. Kd4 Bf6+ 32.
Be5 Bxe5+ 33. Rxe5 Rb8 34. Re2 Ra8 35. Kxd5 Rxa4 36. Rc2 g6 37. Rxc4 Ra2 38. Rc2 Kg7 39.
Kd4 f5 40. Kd3 Ra1 41. b4 Rb1 42. Kc3 Kf7 43. Rb2 Re1 44. b5 Re8 45. b6 Ke6 46. b7 Rb8 47. Kd4 Kd6 48. f4 h6 49. h4 Kc7 50.
Kc5 Rxb7 51. Rxb7+ Kxb7 52. Kd6 Kb6 53. Ke6 Kc5 54.
Kf6 Kd5 55. Kxg6 Ke4 56. Kxh6 Kf3 57. Kg5 Kxg3 58. h5 1-0